 Dungeon Crawl Stone Soup version 0.32-a0-818-gb728d0252e (webtiles) character file.

Game seed: 4705498291838616296

1390 ytrimaz the Ruffian (level 8, -8/48 HPs)
             Began as an Octopode Shapeshifter on Mar 24, 2024.
             Was an Initiate of Ashenzari.
             Mangled by an ice beast (10 damage)
             ... on level 6 of the Dungeon on Mar 25, 2024.
             The game lasted 00:06:48 (4766 turns).

ytrimaz the Ruffian (Octopode Shapeshifter)         Turns: 4766, Time: 00:06:48

Health: -8/48      AC:  1    Str: 13    XL:     8   Next: 68%
Magic:  8/8        EV: 19    Int: 20    God:    Ashenzari [......]
Gold:   278        SH:  0    Dex: 12    Spells: 7/7 levels left

rFire   . .          .
                       - Unarmed
rCold   . . .        (no shield)
rNeg    . . .        (helmet currently unavailable)
rPois   .            (no amulet)
rElec   .            g - ring of the Prescient Sky {EV+5, Melee, Comp} (curse)
rCorr   .            h - ring of see invisible
SInv    +            s - ring of see invisible
Will    .....        u - +6 ring of intelligence
Stlth   ++           (no ring)
HPRegen 0.28/turn    (no ring)
MPRegen 0.11/turn    (no ring)
                     (no ring)

%: no passive effects
@: beast-form
A: beast (slay +3), almost no armour, amphibious, 8 rings, camouflage 1,
gelatinous body 1, (nimble swimmer 1), tentacles
a: Begin Untransformation, Renounce Religion, Shatter the Chains


You were on level 6 of the Dungeon.
You worshipped Ashenzari.
Ashenzari was noncommittal.
You were a hulking beast.
You visited 1 branch of the dungeon, and saw 6 of its levels.
You also visited: Sewer.

You collected 278 gold pieces.


Innate Abilities, Weirdness & Mutations

You are a hulking beast.
Your limbs bulge with bestial killing power. (Slay +3)
You cannot wear most types of armour.
You are amphibious.
You can wear up to eight rings at the same time.
Your skin changes colour to match your surroundings (Stealth+).
Your rubbery body absorbs attacks. (AC +1, EV +1)
((You are camouflaged when in or above water. (Stealth+)))
You have tentacles for arms and can constrict up to eight enemies at once.


   Skills:
 - Level 1.0 Fighting
 + Level 6.3 Dodging
 + Level 6.7(7.1) Unarmed Combat
 + Level 6.2 Shapeshifting


You had 7 spell levels left.
You didn't know any spells.
Your spell library contained the following spells:

 Spells                   Type           Power      Damage    Failure   Level
 Apportation              Tloc           0%         N/A       19%         1
 Foxfire                  Conj/Fire      0%         2x1d4     19%         1
 Shock                    Conj/Air       0%         1d3       19%         1
 Summon Small Mammal      Summ           0%         N/A       19%         1
 Jinxbite                 Hex            0%         N/A       28%         2
 Lesser Beckoning         Tloc           0%         N/A       28%         2
 Call Canine Familiar     Summ           0%         N/A       50%         3
 Gell's Gravitas          Tloc           0%         N/A       50%         3
 Sigil of Binding         Hex            0%         N/A       50%         3
 Swiftness                Air            0%         N/A       50%         3
 Teleport Other           Tloc           0%         N/A       50%         3
 Airstrike                Air            0%         2d(0-16)  88%         4
 Animate Dead             Necr           0%         N/A       88%         4
 Summon Blazeheart Golem  Fire/Summ      0%         N/A       88%         4
 Alistair's Intoxication  Alch           0%         N/A       99%         5
 Death Channel            Necr           0%         N/A       100%        6
 Plasma Beam              Fire/Air       0%         2x1d10    100%        6
 Sculpt Simulacrum        Ice/Alch       0%         N/A       100%        6
 Starburst                Conj/Fire      0%         6d3       100%        6
 Haunt                    Necr/Summ      0%         N/A       100%        7
 Infestation              Necr           0%         N/A       100%        8

Inventory:

Jewellery
 g - the cursed ring of the Prescient Sky (left tentacle) {EV+5, Melee, Comp}
   (You found it on level 2 of the Dungeon)

   [ring of evasion]

   EV+5:      It affects your evasion (+5).
   It has a curse which improves the following skills: Melee Combat: Short
   Blades, Long Blades, Axes, Maces & Flails, Polearms, Staves and Unarmed
   Combat.
   Companions: Summonings and Necromancy.
 h - a ring of see invisible (right tentacle)
   (You found it on level 2 of the Dungeon)
 s - a ring of see invisible (on tentacle)
   (You found it in a sewer)
 u - a +6 ring of intelligence (on tentacle)
   (You found it on level 5 of the Dungeon)
Talismans
 b - a beast talisman (active)
 c - a flux talisman
Scrolls
 d - a scroll of fog
 i - a scroll of poison {unknown}
 j - 3 scrolls of noise
 q - a scroll of blinking
 r - a scroll of fear
 t - 3 scrolls of teleportation
 v - 2 scrolls of identify
 w - a scroll of butterflies {unknown}
Potions
 a - a potion of lignification
 e - 3 potions of curing
 f - a potion of brilliance
 k - a potion of invisibility
 l - 2 potions of haste
 m - a potion of mutation {unknown}
 n - a potion of might
 o - a potion of magic {unknown}
 p - a potion of enlightenment
 x - a potion of heal wounds {unknown}

Dungeon Overview and Level Annotations

Branches:
Dungeon (6/15) Zot: 26476  Temple (0/1) D:6           Sewer (visited)

Altars:
Ashenzari
Elyvilon
Uskayaw
Vehumet
The Shining One

Shops:
D:1 [   D:3 (   D:4 *   D:6 ?

Annotations:
D:5 2 runed translucent doors, exclusion: statue, zenocrate's ghost, novice OpEE

### #.. #.# .$ #.#
....######.##########
......Y............>#
#h......##.##.#
#.......##.##.#
#...$...##.##.#
####.#####.##.#
............#
#.#.#####.#..####
#### #.#.# #.#......
#..### # #.#
#.#...### ##...#
#.#.# #.#...#


You could see an ice beast.


Message History

No target in view!
Unknown command.
No target in view!
No target in view!
Found Byank's Magic Scroll Shop.
No target in view!
Key pressed, stopping explore.
No target in view!
There is an entrance to Byank's Magic Scroll Shop here.
v - 2 scrolls of identify (gained 1)
j - 3 scrolls of noise (gained 1)
x - a cyan potion A sleepcap is nearby!
A sleepcap is nearby!
You tentacle-slap the sleepcap. You grab the sleepcap.
You constrict the sleepcap. The sleepcap releases spores at you.
You are engulfed in a cloud of soporific spores!
You fall asleep.
You lose your grip on the sleepcap.
The sleepcap releases spores at you.
You wake up. 😕 HP[-4]
You take 4 damage, and now have 44/48 hp.
You bludgeon the sleepcap! You grab the sleepcap. You squeeze the sleepcap.
You constrict the sleepcap. The sleepcap completely misses you.
You tentacle-slap the sleepcap. You constrict the sleepcap.
You bludgeon the sleepcap!
You destroy the sleepcap!
Unknown command. 😕 HP[+1] No target in view!
Found a stone staircase leading down. 😎 HP[+3]
Your hp is fully restored (48).
There is a stone staircase leading down here.
An ufetubus comes into view.
An ufetubus is nearby!
An ufetubus is nearby!
The ufetubus shouts!
An ufetubus comes into view.
There are monsters nearby!
You tentacle-slap the ufetubus. Your grab misses the ufetubus.
You squeeze the ufetubus. The ufetubus completely misses you.
The ufetubus misses you. x3
You tentacle-slap the ufetubus.
You kill the ufetubus!
You barely miss the ufetubus. Your grab misses the ufetubus.
The ufetubus closely misses you. The ufetubus barely misses you.
The ufetubus closely misses you. The ufetubus hits you.
Unknown command. 😕 HP[-4]
You take 4 damage, and now have 44/48 hp.
You tentacle-slap the ufetubus. Your grab misses the ufetubus.
Your squeeze misses the ufetubus. The ufetubus completely misses you. x2
You tentacle-slap the ufetubus but do no damage.
You grab the ufetubus. You constrict the ufetubus.
You kill the ufetubus! 😕 HP[+1] Unknown command.
No target in view!
Unknown command.
No target in view!
You now have 278 gold pieces (gained 14).
Found a stone staircase leading down. 😎 HP[+3]
Your hp is fully restored (48).
An ice beast comes into view.
An ice beast is nearby!
An ice beast is nearby!
The ice beast hits you. The ice beast freezes you! 😕 HP[-11]
You take 11 damage, and now have 37/48 hp.
MASSIVE DAMAGE!! (PAUSE)
You bludgeon the ice beast!
Your tentacle-slap misses the ice beast.
Your squeeze misses the ice beast.
You tentacle-slap the ice beast but do no damage.
The ice beast hits you. The ice beast freezes you!
* * * LOW HITPOINT WARNING * * *
😨 HP[-14]
You take 14 damage, and now have 23/48 hp.
MASSIVE DAMAGE!! (PAUSE)
You tentacle-slap the ice beast but do no damage.
The ice beast hits you.
* * * LOW HITPOINT WARNING * * *
The ice beast freezes you.
* * * LOW HITPOINT WARNING * * *
😨 HP[-7]
You take 7 damage, and now have 16/48 hp.
You closely miss the ice beast. The ice beast hits you.
* * * LOW HITPOINT WARNING * * *
The ice beast freezes you!
* * * LOW HITPOINT WARNING * * *
😱 HP[-13]
You take 13 damage, and now have 3/48 hp.
MASSIVE DAMAGE!! (PAUSE)
You tentacle-slap the ice beast but do no damage.
The ice beast hits you.
* * * LOW HITPOINT WARNING * * *
The ice beast freezes you!
You die...

Skill      XL: |  1  2  3  4  5  6  7  8 |
---------------+-------------------------+-----
Dodging        | 3 4 5 6 |  6.3
Unarmed Combat | 4 5 6 |  6.7
Shapeshifting  | 4 5 6 |  6.2
Fighting       | |  1.0

Action                     |  1- 3 |  4- 6 |  7- 9 || total
---------------------------+-------+-------+-------++-------
  Melee: Unarmed           |    42 |   137 |   125 ||   304
         Constrict         |    15 |    38 |    32 ||    85
         Tentacles         |    12 |    28 |    23 ||    63
         Punch             |     2 |     3 |     7 ||    12
 Invoke: Curse Item        |       |       |     1 ||     1
    Use: Scroll            |       |     8 |     6 ||    14
         Potion            |       |     1 |     2 ||     3
   Stab: Sleeping          |     7 |    11 |     3 ||    21
         Distracted        |       |       |     1 ||     1
 Armour: Skin              |     8 |    40 |    65 ||   113
  Dodge: Dodged            |    31 |    87 |   102 ||   220

Levels and vault maps discovered:
D:1:      dpeg_arrival_houses_and_road, layout_rooms, serial_shops,
          nicolae_shop_hallway_plus
D:2:      layout_rooms, basic_altar, minmay_unequal
D:3:      layout_basic, serial_shops, shop, minmay_vboxes
D:4:      layout_loops_corners, nicolae_tso_besieged_by_evil,
          nicolae_uskayaw_dance_hall, kennysheep_mini,
          cheibrodos_sewer_entry_bend, serial_aquarium, aquarium_bridge_straight
          [aquarium_subvault_bridge, aquarium_subvault_wall,
          aquarium_subvault_bridge, aquarium_subvault_window],
          aquarium_window_fake, aquarium_window_fake,
          aquarium_window_corridor_1, aquarium_window_1, aquarium_view_2c,
          aquarium_balcony_1b, aquarium_pool_1, serial_shops, shop,
          uniq_grinder, uniq_sigmund, uniq_blork_the_orc
D:5:      layout_cave_pools, vehumet_statue, ebering_ghost_disaster_area
D:6:      layout_basic, trog_butcher_becter, minmay_temple_entry_slanted,
          serial_shops, shop

Notes
Turn   | Place    | Note
-------+----------+-------------------------------------------
     0 | D:1      | ytrimaz the Octopode Shapeshifter began the quest for the
                  | Orb.
     0 | D:1      | Reached XP level 1. HP: 13/13 MP: 1/1
     0 | D:1      | magus.rc [v1.9.6]
   162 | D:1      | Reached XP level 2. HP: 18/18 MP: 2/2
   276 | D:1      | Found Xollitze's Antique Armour Shoppe.
   435 | D:1      | Reached XP level 3. HP: 14/23 MP: 3/3
   814 | D:2      | Found a white marble altar of Elyvilon.
   843 | D:2      | Reached XP level 4. HP: 26/28 MP: 4/4
   848 | D:2      | Reached skill level 3 in Dodging
  1467 | D:3      | You pick up a book of Callings and begin reading...
  1467 | D:3      | You add the spells Summon Small Mammal, Call Canine
                  | Familiar and Summon Blazeheart Golem to your library.
  1478 | D:3      | You pick up a book of Fire and begin reading...
  1478 | D:3      | You add the spells Foxfire, Plasma Beam and Starburst to
                  | your library.
  1639 | D:3      | Found Xubonas's Antique Weapon Emporium.
  1743 | D:3      | Reached skill level 4 in Unarmed Combat
  1784 | D:3      | Reached XP level 5. HP: 33/33 MP: 5/5
  2141 | D:4      | Noticed Sigmund
  2158 | D:4      | Killed Sigmund
  2159 | D:4      | Reached skill level 4 in Dodging
  2159 | D:4      | Reached skill level 4 in Shapeshifting
  2159 | D:4      | Reached XP level 6. HP: 28/38 MP: 6/6
  2283 | D:4      | You pick up a book of Death and begin reading...
  2283 | D:4      | You add the spells Animate Dead, Haunt and Infestation to
                  | your library.
  2326 | D:4      | Found a glowing golden altar of the Shining One.
  2391 | D:4      | Found Hupaon's General Store.
  2512 | D:4      | Found a hide-covered altar of Uskayaw.
  2611 | D:4      | Found a glowing drain.
  2620 | Sewer    | Entered a sewer
  2765 | Sewer    | Reached skill level 5 in Unarmed Combat
  2781 | Sewer    | Reached XP level 7. HP: 43/43 MP: 7/7
  2936 | Sewer    | Reached skill level 5 in Shapeshifting
  3079 | D:4      | Noticed Grinder
  3081 | D:4      | Noticed Blork the orc
  3105 | D:4      | Paralysed by Grinder for 3 turns
  3121 | D:4      | Killed Grinder
  3122 | D:4      | Reached skill level 5 in Dodging
  3264 | D:4      | Killed Blork the orc
  3265 | D:4      | Reached XP level 8. HP: 43/48 MP: 8/8
  3589 | D:4      | Found a broken altar of Ashenzari.
  3673 | D:4      | Became a worshipper of Ashenzari the Shackled
  3712 | D:5      | Entered Level 5 of the Dungeon
  3744 | D:5      | Reached skill level 6 in Unarmed Combat
  3807 | D:5      | You pick up a book of Air and begin reading...
  3807 | D:5      | You add the spells Shock, Swiftness and Airstrike to your
                  | library.
  3945 | D:5      | Reached skill level 6 in Dodging
  3945 | D:5      | Reached skill level 6 in Shapeshifting
  4070 | D:5      | You pick up a book of Wicked Creation and begin reading...
  4070 | D:5      | You add the spells Sigil of Binding, Sculpt Simulacrum and
                  | Death Channel to your library.
  4126 | D:5      | Found a large runed translucent door.
  4126 | D:5      | Found a large runed translucent door.
  4128 | D:5      | Noticed zenocrate's ghost (novice OpEE)
  4133 | D:5      | You pick up a book of Party Tricks and begin reading...
  4133 | D:5      | You add the spells Apportation, Jinxbite and Alistair's
                  | Intoxication to your library.
  4146 | D:5      | Identified the +8 short sword "Leotaud" {venom, rN+}
  4231 | D:5      | Found a radiant altar of Vehumet.
  4512 | D:6      | You pick up a book of Displacement and begin reading...
  4512 | D:6      | You add the spells Lesser Beckoning, Gell's Gravitas and
                  | Teleport Other to your library.
  4542 | D:6      | Found a staircase to the Ecumenical Temple.
  4604 | D:6      | Found Byank's Magic Scroll Shop.
  4765 | D:6      | HP: 11/48 [ice beast (5)]
  4765 | D:6      | HP: 3/48 [ice beast (8)]
  4766 | D:6      | Mangled by an ice beast

Vanquished Creatures
  Grinder (D:4)
  Sigmund (D:4)
  A water moccasin (D:5)
  A black bear (D:6)
  A phantom (D:5)
  Blork the orc (D:4)
  2 bullfrogs (Sewer)
  A crimson imp (D:4)
  A bombardier beetle (D:5)
  2 hounds (D:5)
  A jelly (D:4)
  An orc wizard (D:5)
  2 sleepcaps
  4 gnolls
  11 adders
  6 ufetubi
  10 dart slugs
  3 ribbon worms (D:4)
  12 orcs
  12 ball pythons
  6 bats
  12 endoplasms
  12 giant cockroaches (Sewer)
  9 hobgoblins
  6 quokkas
  6 frilled lizards (Sewer)
  7 goblins
  2 goblin skeletons (D:4)
  2 hobgoblin zombies (D:4)
  7 kobolds
  3 kobold skeletons (D:4)
  3 kobold zombies (D:4)
  An orc zombie (D:4)
  8 rats
158 creatures vanquished.

Table legend:
 A = Non-vault XP
 B = Vault XP
 C = Vault XP percentage of total XP
 D = Non-vault monster count
 E = Vault monster count
 F = Vault count percentage of total count
                 A         B        C        D         E       F
            +---------+---------+-------+---------+---------+-------
      Total |    1005 |     982 |  49.4 |      89 |      69 |  43.7
            +---------+---------+-------+---------+---------+-------
        D:1 |      39 |       0 |   0.0 |      15 |       0 |   0.0
        D:2 |      71 |      17 |  19.3 |      15 |       4 |  21.1
        D:3 |      29 |      10 |  25.6 |      17 |       4 |  19.0
        D:4 |     125 |     663 |  84.1 |      15 |      17 |  53.1
        D:5 |     531 |       0 |   0.0 |      21 |       0 |   0.0
        D:6 |     210 |       0 |   0.0 |       6 |       0 |   0.0
      Sewer |       0 |     292 | 100.0 |       0 |      44 | 100.0
            +---------+---------+-------+---------+---------+-------

Skill      XL: |  1  2  3  4  5  6  7  8 |
---------------+-------------------------+-----
Dodging        | 3 4 5 6 |  6.3
Unarmed Combat | 4 5 6 |  6.7
Shapeshifting  | 4 5 6 |  6.2
Fighting       | |  1.0

Action                     |  1- 3 |  4- 6 |  7- 9 || total
---------------------------+-------+-------+-------++-------
  Melee: Unarmed           |    42 |   137 |   125 ||   304
         Constrict         |    15 |    38 |    32 ||    85
         Tentacles         |    12 |    28 |    23 ||    63
         Punch             |     2 |     3 |     7 ||    12
 Invoke: Curse Item        |       |       |     1 ||     1
    Use: Scroll            |       |     8 |     6 ||    14
         Potion            |       |     1 |     2 ||     3
   Stab: Sleeping          |     7 |    11 |     3 ||    21
         Distracted        |       |       |     1 ||     1
 Armour: Skin              |     8 |    40 |    65 ||   113
  Dodge: Dodged            |    31 |    87 |   102 ||   220

Illustrated notes

Table legend:
 A = Kills in this place as a percentage of kills in the entire game.
 B = Kills by you in this place as a percentage of kills by you in the entire game.
 C = Kills by friends in this place as a percentage of kills by friends in the entire game.
 D = Other kills in this place as a percentage of other kills in the entire game.
 E = Experience gained in this place as a percentage of experience gained in the entire game.
 F = Experience gained in this place divided by the number of levels of this place that you have seen.
                   A       B       C       D       E      F
               +-------+-------+-------+-------+-------+----------------------
         Total | 100.0 | 100.0 |   N/A |   N/A | 100.0 | 283.9
       Dungeon |  72.2 |  72.2 |   N/A |   N/A |  85.3 | 282.5
         Sewer |  27.8 |  27.8 |   N/A |   N/A |  14.7 | 292.0
               +-------+-------+-------+-------+-------+----------------------

Table legend: (Time is in decaauts)
 A = Elapsed time spent in this place.
 B = Non-inter-level travel time spent in this place.
 C = Inter-level travel time spent in this place.
 D = Time resting spent in this place.
 E = Time spent auto-exploring this place.
 F = Levels seen in this place.
 G = Mean time per level.
                   A        B        C        D        E       F      G
               +--------+--------+--------+--------+--------+-----+--------+
         Total |   4735 |   4573 |    162 |      2 |   3446 |   7 |  676.4 |
       Dungeon |   4378 |   4216 |    162 |      2 |   3291 |   6 |  729.7 |
         Sewer |    356 |    356 |      0 |      0 |    155 |   1 |  356.0 |
               +--------+--------+--------+--------+--------+-----+--------+

Top non-repeatable levels by time:
     D:4: 1343 daAuts
     D:3: 844 daAuts
     D:5: 668 daAuts
     D:2: 637 daAuts
     D:1: 508 daAuts
     D:6: 376 daAuts
   Sewer: 356 daAuts
